 Dungeon Crawl Stone Soup version 0.25-a0-565-g8875c97ebb (webtiles) character file.

Game seed: 15951666232031895049, levelgen mode: deterministic

2445 Cerrion the Cleaver (level 9, -7/79 HPs)
             Began as a Hill Orc Fighter on Feb 26, 2020.
             Was an Initiate of Gozag.
             Mangled by an orc warrior
             ... wielding a +0 halberd
              (8 damage)
             ... on level 8 of the Dungeon.
             The game lasted 00:39:00 (7549 turns).

Cerrion the Cleaver (Hill Orc Fighter)              Turns: 7549, Time: 00:39:00

Health: -7/79      AC: 15    Str: 22    XL:     9   Next: 49%
Magic:  0/9        EV:  5    Int:  8    God:    Gozag
Gold:   735        SH:  0    Dex: 13    Spells: 8/8 levels left

rFire    . . .     SeeInvis .   a - +0 war axe
rCold    . . .     Gourm    .   c - +0 kite shield
rNeg     . . .     Faith    .   y - +0 plate armour
rPois    .         Spirit   +   (no helmet)
rElec    .         Reflect  .   A - +0 cloak
rCorr    .         Harm     .   (no gloves)
MR       .....                  E - +0 pair of boots
Stlth    ..........             u - amulet of guardian spirit
HPRegen  0.23/turn              h - +3 ring of dexterity
MPRegen  0.11/turn              (no ring)

@: confused, lethally poisoned (-7 -> -15), gold aura, very slightly
contaminated, invisible
A: no striking features
a: Potion Petition, Call Merchant, Bribe Branch, Renounce Religion


You were on level 8 of the Dungeon.
You worshipped Gozag.
Gozag was pleased with you.
You were not hungry.

You visited 2 branches of the dungeon, and saw 9 of its levels.
You also visited: Sewer.

You collected 955 gold pieces.
You spent 150 gold pieces at shops.
You paid 70 gold pieces to Gozag.

Inventory:

Hand Weapons
 a - a +0 war axe (weapon)
Armour
 b - a +0 scale mail
 c - a +0 kite shield (worn)
 y - a +0 plate armour (worn)
 A - a +0 cloak (worn)
 E - a +0 pair of boots (worn)
Jewellery
 h - a +3 ring of dexterity (left hand)
 u - an amulet of guardian spirit (around neck)
Wands
 l - a wand of iceblast (3)
 q - a wand of disintegration (16)
Scrolls
 e - a scroll of identify
 g - 2 scrolls of enchant armour {unknown}
 i - 4 scrolls of fear {unknown}
 j - 6 scrolls of remove curse {unknown}
 k - a scroll of enchant weapon {unknown}
 m - 3 scrolls of noise {unknown}
 o - 6 scrolls of random uselessness {unknown}
 p - 2 scrolls of immolation {unknown}
 t - 2 scrolls of magic mapping {unknown}
 v - a scroll of amnesia {unknown}
 D - a scroll of teleportation {unknown}
Potions
 d - 3 potions of might
 n - a potion of cancellation
 r - a potion of invisibility
 s - 3 potions of flight
 w - a potion of brilliance {unknown}
 x - 2 potions of heal wounds
 B - a potion of stabbing
 C - a potion of haste
Comestibles
 f - 8 rations


   Skills:
 + Level 7.5 Fighting
 + Level 10.4 Axes
 + Level 7.1 Armour
 - Level 0.9 Dodging
 + Level 6.7 Shields
 + Level 0.5 Evocations


You had 8 spell levels left.
You didn't know any spells.
Your spell library contained the following spells:

 Spells                   Type           Power        Failure   Level  Hunger
 Corona                   Hex            #......      100%        1    ##.....
 Ensorcelled Hibernation  Hex/Ice        #.....       100%        2    ###....
 Confusing Touch          Hex            #.......     100%        3    ####...
 Dazzling Flash           Conj/Hex       #.....       100%        3    ####...
 Tukima's Dance           Hex            #.......     100%        3    ####...


Dungeon Overview and Level Annotations

Branches:
Dungeon (8/15)             Temple (1/1) D:4           Sewer (visited)
   Lair: D:8-11

Altars:
Ashenzari
Cheibriados
Dithmenos
Elyvilon
Gozag
Hepliaklqana
Kikubaaqudgha
Makhleb
Ru
Sif Muna
Trog
Uskayaw
Wu Jian
Xom
Yredelemnul
Zin
The Shining One

Shops:
D:6 !

Annotations:
D:8 Erica


Message History

There is a stone staircase leading up here.
* * * LOW HITPOINT WARNING * * *
You feel sick.
You hear some strange, mumbled words.
You are confused.
In your confused state, you trip and fall back down the stairs.
* * * LOW HITPOINT WARNING * * *
You feel sick.
The orc warrior is no longer distracted by gold.
The scorpion becomes distracted by the nearby gold, dreaming of imaginary riches.
The orc warrior hits you with a +0 halberd!
* * * LOW HITPOINT WARNING * * *
You hear a shout!
Unknown command.
Unknown command.
* * * LOW HITPOINT WARNING * * *
You feel sick.
The orc warrior hits you with a +0 halberd!
You die...
Your body crumbles into a pile of gold.

#### ##..##
###....#
#......##
##.($o..#
###@$###
#...$s..#
#............###
#...Y...........
$
#...............
#...............
..#..?#...$....#
..##...........#
#....#


You could see an orc warrior, an ice beast (wandering) and a scorpion.

Vanquished Creatures
  2 hungry ghosts (D:6)
  A water moccasin (D:7)
  An orc warrior (D:7)
  A phantom (D:5)
  2 sky beasts
  An ice beast (D:7)
  2 ogres
  2 centaurs
  3 scorpions
  3 killer bees (D:7)
  A howler monkey (D:4)
  A crimson imp (D:5)
  A hound (D:4)
  A jelly (D:7)
  4 orc priests
  A bullfrog skeleton (D:4)
  An iguana (D:2)
  9 orc wizards
  2 worker ants
  11 adders
  A howler monkey skeleton (D:7)
  A shadow imp (D:7)
  6 oozes
  An adder skeleton (D:5)
  8 worms
  3 dart slugs
  8 leopard geckos
  26 orcs
  8 giant cockroaches
  12 goblins
  4 hobgoblins
  11 jackals
  2 quokkas
  7 ball pythons
  17 bats
  7 frilled lizards
  9 kobolds
  2 quokka skeletons
  7 rats
190 creatures vanquished.

Vanquished Creatures (others)
  A water moccasin (D:8)
  An orc (D:8)
2 creatures vanquished.

Grand Total: 192 creatures vanquished

Notes
Turn   | Place    | Note
-------+----------+-------------------------------------------
     0 | D:1      | Cerrion the Hill Orc Fighter began the quest for the Orb.
     0 | D:1      | Reached XP level 1. HP: 19/19 MP: 1/1
   125 | D:1      | Reached skill level 3 in Axes
   183 | D:1      | Reached XP level 2. HP: 9/27 MP: 2/2
   760 | D:1      | Reached XP level 3. HP: 33/33 MP: 3/3
   837 | D:2      | Found an ornate altar of the Wu Jian Council.
   992 | D:2      | Reached skill level 4 in Axes
   992 | D:2      | Reached XP level 4. HP: 18/40 MP: 4/4
  1394 | D:2      | Found a shimmering altar of Xom.
  1397 | D:2      | Found an ancient bone altar of Kikubaaqudgha.
  1397 | D:2      | Found an opulent altar of Gozag.
  1399 | D:2      | Found a shimmering altar of Xom.
  1399 | D:2      | Found an ancient bone altar of Kikubaaqudgha.
  1399 | D:2      | Found a burning altar of Makhleb.
  1798 | D:3      | Reached XP level 5. HP: 46/46 MP: 5/5
  2266 | D:3      | Reached skill level 5 in Axes
  2483 | D:4      | Found a snail-covered altar of Cheibriados.
  2546 | D:4      | Found a glowing drain.
  2607 | Sewer    | Entered a sewer
  2613 | Sewer    | Reached XP level 6. HP: 46/52 MP: 6/6
  3120 | D:4      | Found a staircase to the Ecumenical Temple.
  3125 | Temple   | Entered the Ecumenical Temple
  3297 | Temple   | Became a worshipper of Gozag Ym Sagoz the Greedy
  3350 | D:4      | Reached skill level 6 in Axes
  3580 | D:4      | Reached XP level 7. HP: 52/60 MP: 7/7
  3993 | D:5      | Entered Level 5 of the Dungeon
  4117 | D:5      | Reached skill level 5 in Fighting
  4117 | D:5      | Reached skill level 7 in Axes
  4180 | D:5      | Found a basalt altar of Yredelemnul.
  4225 | D:5      | Reached skill level 5 in Shields
  4248 | D:5      | Reached skill level 8 in Axes
  4626 | D:5      | Reached XP level 8. HP: 53/69 MP: 6/8
  4952 | D:5      | Reached skill level 5 in Armour
  5253 | D:6      | Found a hazy altar of Hepliaklqana.
  5301 | D:6      | Found Xirud's Distillery.
  5309 | D:6      | Bought a potion of heal wounds for 75 gold pieces
  5309 | D:6      | Bought a potion of heal wounds for 75 gold pieces
  5761 | D:6      | Reached skill level 9 in Axes
  6162 | D:6      | Reached XP level 9. HP: 51/78 MP: 7/9
  6329 | D:7      | Reached skill level 10 in Axes
  7143 | D:7      | Found a glowing golden altar of the Shining One.
  7517 | D:8      | Noticed Erica
  7548 | D:8      | HP: 1/79 [orc warrior/+0 halberd (8)]
  7549 | D:8      | Mangled by an orc warrior

Levels and vault maps discovered:
D:1:      wheals_arrival_linesprint, layout_loops_ring
D:2:      minmay_alternating_diamond, layout_rooms, doesnt_xom_only_xom,
          lemuel_crystal_altar
D:3:      layout_rooms, first_ration
D:4:      layout_loops_ring, temple_doors_cd, cheibrodos_sewer_entry_sluice,
          cheibriados_altar_1
D:5:      layout_cave_pools, kennysheep_mini
D:6:      layout_loops_ring, lemuel_coloured_pillars_altar, serial_shops, shop
D:7:      layout_gridville, lemuel_doored_altar
D:8:      layout_cave_pools, nemelex_xobeh_ov_fountains_minmay,
          kennysheep_okawaru_gauntlet, minmay_hedge_maze, uniq_erica
Temple:   minmay_temple_curvy_loop

Skill      XL: |  1  2  3  4  5  6  7  8  9 |
---------------+----------------------------+-----
Axes           | 3 4 5 6 8 9 10 | 10.4
Shields        | 4 5 6 |  6.7
Fighting       | 4 5 6 7 |  7.5
Armour         | 4 6 7 |  7.1
Dodging        | |  0.9
Evocations     | |  0.5

Action                   |  1- 3 |  4- 6 |  7- 9 || total
-------------------------+-------+-------+-------++-------
Melee: War axe           |    83 |   251 |   337 ||   671
Evoke: Wand              |       |     1 |     6 ||     7
  Use: Scroll            |       |     2 |     6 ||     8
       Potion            |       |     1 |     4 ||     5
 Stab: Distracted        |       |       |     1 ||     1
       Invisible         |       |       |     1 ||     1
  Eat: Chunk             |       |     8 |       ||     8
       Ration            |       |       |     9 ||     9
Armor: Scale mail        |    62 |   128 |    34 ||   224
       Plate armour      |       |       |   195 ||   195
Dodge: Dodged            |    35 |   112 |    83 ||   230
Block: Kite shield       |    48 |   158 |   193 ||   399

Table legend:
 A = Non-vault XP
 B = Vault XP
 C = Vault XP percentage of total XP
 D = Non-vault monster count
 E = Vault monster count
 F = Vault count percentage of total count
                 A         B        C        D         E       F
            +---------+---------+-------+---------+---------+-------
      Total |    3346 |     148 |   4.2 |     161 |      30 |  15.7
            +---------+---------+-------+---------+---------+-------
        D:1 |      36 |       0 |   0.0 |      19 |       0 |   0.0
        D:2 |      68 |      57 |  45.6 |      23 |       5 |  17.9
        D:3 |     125 |       0 |   0.0 |      32 |       0 |   0.0
        D:4 |     332 |      13 |   3.8 |      23 |       4 |  14.8
        D:5 |     593 |       0 |   0.0 |      22 |       0 |   0.0
        D:6 |     615 |       0 |   0.0 |      11 |       0 |   0.0
        D:7 |    1175 |       0 |   0.0 |      25 |       0 |   0.0
        D:8 |     402 |       0 |   0.0 |       6 |       0 |   0.0
      Sewer |       0 |      78 | 100.0 |       0 |      21 | 100.0
            +---------+---------+-------+---------+---------+-------
